Map: Overgrowth LE (Void)

Players

Marlboro

  • Race: Zerg Zerg
  • Spawn Location: 1:00

Musumeci - Winner!

  • Race: Zerg Zerg
  • League: Diamond
  • Spawn Location: 7:00

VOD

Have the link to the VOD?

Description

Time

  • Played on: Jan. 11, 2017, 2:42 p.m.
  • Length: 9:26
Show
View Real Time Build Order
Export as new Build Order

Marlboro Zerg 

Build Orders: Pool First 

Get SALT Encoding   

  12  0:18  Spawning Pool  
  11  0:22  Drone  
  11  0:26  Drone  
  13  0:31  Drone  
  14  0:39  Overlord  
  14  1:05  Zergling x2  
  14  1:06  Zergling x4  
  17  1:17  Zergling x2  
  18  1:19  Hatchery  
  17  1:27  Zergling x2  
  18  1:40  Zergling x2  
  18  1:41  Queen  
  21  1:51  Overlord  
  21  2:01  Drone  
  22  2:13  Drone  
  23  2:17  Queen  
  22  2:31  Queen, Drone  
  22  2:33  Drone x2  
  27  2:44  Drone  
  27  2:45  Drone  
  27  2:51  Spine Crawler  
  27  3:12  Queen x2  
  27  3:19  Zergling x4  
  29  3:29  Drone x3  
  29  3:31  Overlord  
  32  3:42  Spine Crawler  
  32  3:46  Evolution Chamber  
  32  3:47  Roach Warren  
  29  3:49  Evolution Chamber  
  29  3:52  Evolution Chamber  
  27  4:07  Drone x2  
  27  4:08  Drone x3  
  32  4:14  Spine Crawler  
  31  4:26  Drone x3  
  34  4:35  Drone x2  
  34  4:36  Drone x3  
  39  4:43  Drone x2  
  41  4:52  Queen  
  43  5:01  Queen, Extractor  
  43  5:02  Extractor  
  43  5:20  Drone  
  44  5:22  Overlord x2  
  44  5:33  Overlord  
  44  5:34  Overlord  
  44  5:39  Queen  
  44  5:40  Drone x3  
  49  5:45  Extractor  
  49  5:46  Extractor  
  49  5:48  Queen  
  49  5:50  Overlord x2  
  49  5:55  Drone  
  50  6:07  Drone  
  50  6:08  Drone x3  
  54  6:11  Drone  
  54  6:12  Drone  
  54  6:13  Drone  
  59  6:21  Drone  
  59  6:22  Drone  
  59  6:24  Queen  
  59  6:25  Lair  
  61  6:28  Zerg Missile Weapons Level 1  
  61  6:31  Overlord x2  
  61  6:38  Roach x4  
  69  6:54  Roach x4  
  75  7:00  Queen  
  79  7:03  Roach x3  
  87  7:08  Roach x2  
  89  7:22  Nydus Network  
  89  7:25  Roach x2  
  92  7:31  Queen  
  92  7:33  Roach x3  
  92  7:35  Overlord  
  100  7:47  Overlord x2  
  100  8:02  Roach x2  
  100  8:03  Roach x2  
  108  8:09  Nydus Canal  
  108  8:15  Roach x6  
  120  8:33  Roach x3  
  120  8:34  Queen x2  
  124  8:44  Overlord x2  
  124  9:04  Nydus Canal  
Show
View Real Time Build Order
Export as new Build Order

Musumeci Zerg - Winner!

Build Orders: Hatch First 

Get SALT Encoding   

  12  0:01  Drone  
  13  0:08  Drone  
  14  0:19  Drone, Extractor  
  15  0:23  Overlord  
  15  0:41  Drone x2  
  17  0:44  Drone  
  18  1:01  Hatchery  
  17  1:12  Spawning Pool  
  16  1:20  Drone  
  16  1:21  Extractor  
  16  1:24  Drone  
  17  1:39  Overlord  
  17  2:00  Zergling x6  
  20  2:11  Zergling x2  
  20  2:13  Queen  
  25  2:17  Zergling x2  
  24  2:37  Metabolic Boost  
  24  2:41  Zergling x4  
  24  3:16  Zergling x2  
  24  3:17  Zergling x4  
  25  3:25  Zergling x6  
  28  3:32  Baneling Nest  
  28  3:33  Hatchery  
  25  3:42  Zergling x2  
  26  4:05  Drone x4  
  29  4:25  Evolution Chamber  
  28  4:33  Drone  
  28  4:35  Overlord  
  29  4:49  Drone x2  
  29  4:50  Drone x2  
  33  4:57  Hatchery  
  32  5:05  Drone  
  32  5:06  Drone  
  34  5:08  Queen  
  36  5:17  Drone x3  
  35  5:36  Lair, Overlord x3  
  35  5:45  Extractor  
  35  5:48  Drone  
  35  5:57  Drone  
  35  5:58  Drone x5  
  41  6:09  Drone x2  
  41  6:10  Drone  
  41  6:11  Drone  
  45  6:12  Zerg Missile Weapons Level 1  
  45  6:16  Roach Warren  
  45  6:17  Drone  
  45  6:26  Queen  
  47  6:41  Extractor  
  47  6:42  Extractor  
  47  6:43  Drone x3  
  47  6:45  Drone x3  
  52  6:54  Drone x2  
  52  6:55  Overlord  
  52  6:56  Overlord x2  
  52  6:57  Drone x3  
  52  6:59  Glial Reconstitution  
  56  7:14  Roach x5  
  66  7:22  Roach x3  
  72  7:26  Drone x3  
  72  7:27  Drone  
  76  7:32  Drone x2  
  78  7:38  Overlord  
  78  7:42  Overseer  
  78  7:45  Roach  
  80  8:05  Overlord x2  
  80  8:12  Roach x4  
  88  8:23  Roach  
  88  8:24  Roach x7  
  104  8:43  Overlord x3  
  104  9:00  Ravager  
  104  9:02  Ravager x4  
  109  9:03  Roach  
  109  9:04  Roach x8  
Tags
 
Add a new tag
Caveats
  • Supply blocks, unpowered buildings, or Contaminate may cause inaccurate times.
  • Supply counts are checked every 10 seconds.